 Dungeon Crawl Stone Soup version 0.25.1-2-g60ff931df9 (webtiles) character file.

Game seed: 3005798065283355162

34492 Allula97 the Carver (level 13, -2/103 HPs)
             Began as a Demonspawn Monk on Nov 18, 2020.
             Was the Champion of Jiyva.
             Succumbed to a swamp dragon's poison gas
             ... on level 6 of the Lair of Beasts on Nov 19, 2020.
             The game lasted 01:38:15 (23763 turns).

Allula97 the Carver (Demonspawn Monk)              Turns: 23763, Time: 01:38:15

Health: -2/103     AC: 30    Str: 24    XL:     13   Next: 42%
Magic:  7/20       EV: 11    Int: 12    God:    Jiyva [******]
Gold:   395        SH:  6    Dex: 12    Spells: 12/12 levels left

rFire    + + +     SeeInvis .   I - +3 scimitar (protect)
rCold    . . .     Gourm    .   j - +1 buckler {rN+}
rNeg     + . .     Faith    .   E - +2 plate armour {rF+}
rPois    .         Spirit   +   d - +1 helmet
rElec    .         Reflect  .   o - +2 cloak {MR+}
rCorr    +         Harm     .   C - +0 pair of gloves
MR       +....                  (boots unavailable)
Stlth    ..........             G - amulet of guardian spirit
HPRegen  0.27/turn              p - ring of protection from fire
MPRegen  0.17/turn              v - ring of flight

@: lethally poisoned (-2 -> -89)
A: talons 3, iridescent scales 3, agile 1, clever 1, fire resistance 1, high mp
1, gelatinous body 1, translucent skin 1, tendrils, flame cloud immunity
a: Request Jelly, Slimify, Cure Bad Mutation, Renounce Religion, Evoke Flight


You were on level 6 of the Lair of Beasts.
You worshipped Jiyva.
Jiyva was exalted by your worship.
You were very full.

You visited 3 branches of the dungeon, and saw 18 of its levels.

You collected 1007 gold pieces.
You spent 612 gold pieces at shops.

Inventory:

Hand Weapons
 a - a +3 dagger of distortion
 I - a +3 scimitar of protection (weapon)
 J - a +0 great sword of distortion
Missiles
 n - 54 poisoned darts
 A - 16 curare-tipped darts (quivered)
 B - a throwing net
Armour
 d - a +1 helmet (worn)
 j - a +1 buckler of positive energy (worn)
 o - a +2 cloak of magic resistance (worn)
 x - the +1 scale mail of Vehumet {+Fly rPois MR+ Dex-5}
   (You found it on level 4 of the Lair of Beasts)

   It affects your dexterity (-5).
   It protects you from poison.
   It affects your resistance to hostile enchantments.
   It lets you fly.
 C - a +0 pair of gloves (worn)
 E - a +2 plate armour of fire resistance (worn)
Jewellery
 p - a ring of protection from fire (left hand)
 v - a ring of flight (right hand)
 G - an amulet of guardian spirit (around neck)
Wands
 b - a wand of random effects (15)
 f - a wand of digging (3)
 q - a wand of flame (6)
 u - a wand of iceblast (11)
 L - a wand of polymorph (14)
 M - a wand of clouds (4)
Scrolls
 e - a scroll of magic mapping
 l - a scroll of teleportation
 m - 4 scrolls of remove curse
 w - 3 scrolls of enchant weapon
 y - 4 scrolls of amnesia
 F - a scroll of blinking
Potions
 g - 2 potions of magic
 h - a potion of brilliance
 k - a potion of flight
 r - a potion of cancellation
 z - a potion of might
Miscellaneous
 H - a box of beasts
Comestibles
 c - 22 rations


   Skills:
 * Level 10.1 Fighting
 * Level 13.2 Long Blades
 * Level 9.0 Armour
 * Level 7.8 Dodging
 - Level 2.3 Stealth
 * Level 5.1 Shields
 * Level 7.3 Evocations


You had 12 spell levels left.
You didn't know any spells.
Your spell library contained the following spells:

 Spells                   Type           Power        Failure   Level  Hunger
 Infusion                 Chrm           #...         98%         1    ##.....
 Magic Dart               Conj           #...         98%         1    ##.....
 Searing Ray              Conj           #.....       99%         2    ###....
 Shroud of Golubria       Chrm/Tloc      #.....       99%         2    ###....
 Song of Slaying          Chrm           #.......     99%         2    ###....
 Dazzling Flash           Conj/Hex       #.....       100%        3    ####...
 Ozocubu's Armour         Chrm/Ice       #.......     100%        3    ####...
 Recall                   Summ/Tloc      N/A          100%        3    ####...
 Spectral Weapon          Hex/Chrm       #.......     100%        3    ####...
 Fulminant Prism          Conj/Hex       #.........   100%        4    #####..
 Iskenderun's Mystic Bla  Conj/Tloc      #.......     100%        4    #####..
 Aura of Abjuration       Summ           #.........   100%        5    ######.
 Summon Demon             Summ           #.........   100%        5    ######.
 Summon Forest            Summ/Tloc      #.........   100%        5    ######.
 Summon Mana Viper        Hex/Summ       #.......     100%        5    ######.
 Shadow Creatures         Summ           N/A          100%        6    #######


Dungeon Overview and Level Annotations

Branches:
Dungeon (11/15)            Temple (1/1) D:7            Lair (6/6) D:11
 Shoals (0/4) Lair:3        Snake (0/4) Lair:3        Slime (0/5) Lair:6
    Orc: D:9-12

Altars:
Ashenzari
Cheibriados
Dithmenos
Elyvilon
Fedhas
Gozag
Hepliaklqana
Kikubaaqudgha
Makhleb
Nemelex Xobeh
Okawaru
Qazlal
Ru
Sif Muna
Trog
Uskayaw
Vehumet
Wu Jian
Xom
Yredelemnul
Zin
The Shining One
Jiyva

Shops:
D:7 ?(**}   D:9 *


Innate Abilities, Weirdness & Mutations

You have claws for feet.
You are completely covered in iridescent scales. (AC +6)
Your flesh is heat resistant. (rF+)
You are immune to clouds of flame.
You are agile. (Dex +2)
Your mind is acute. (Int +2)
You have an increased reservoir of magic. (+10% MP)
Your rubbery body absorbs attacks. (AC +1, EV +1)
Your translucent skin slightly reduces your foes' accuracy. (Stealth)
You are covered in slimy tendrils that may disarm your opponents.


Message History

* * * LOW HITPOINT WARNING * * *
You feel very sick.
* * * LOW HITPOINT WARNING * * *
You feel very sick.
As you read the scroll labeled MIBOYTHAOF, it crumbles to dust.
You hear a loud clanging noise!
It was a scroll of noise.
* * * LOW HITPOINT WARNING * * *
You feel very sick.
The swamp dragon breathes poison at you.
You feel magically purged.
Your magical contamination has completely faded away.
You are engulfed in poison gas.
You are more poisoned.
* * * LOW HITPOINT WARNING * * *
x2 You feel very sick.
You are engulfed in poison gas.
You are more poisoned.
* * * LOW HITPOINT WARNING * * *
You die...

≈.≈.≈.P.P≈.°♣###..
...≈≈.♣P♣°°≈♣#....
.$♣.♣♣♣♣♣≈≈≈♣#.... $ ♣
♣♣.♣°D.P♣#..#. ≈
♣♣♣..♣≈°°♣♣## ## ≈≈
♣♣P.≈DD°○♣♣ .≈≈
♣♣☼☼☼☼○.♣♣♣ #####
.P≈≈♣♣♣☼☼○○...♣.♣ #.#.#
♣...≈≈≈@§♣P♣♣♣..♣♣##....
♣..(≈≈§☼☼♣♣♣.†...♣#.....
♣♣....P.≈.♣♣.P♣♣♣♣#.....
♣♣..♣.P♣.÷≈♣♣♣♣♣♣......
♣♣♣...♣♣♣≈≈.♣.≈♣P.....
♣♣.P...≈.≈≈≈.≈......
♣♣♣♣P♣.♣..♣♣≈≈.....
♣♣♣♣♣♣♣♣♣♣≈.P.#. ♣P.....


You could see a fire dragon and a swamp dragon.

Vanquished Creatures
  A fire dragon (D:11)
  3 hydras
  Fannar (D:11)
  The ghost of Alannah the Skirmisher, a journeyman DrSk of Qazlal (Lair:2)
  8 death yaks
  Urug (D:10)
  Sonja (Lair:1)
  The ghost of ghwc the Destroyer, a novice DsWz of Vehumet (D:10)
  The ghost of lllmatko the Basher, a novice MiBe of Trog (D:7)
  2 oklob plants (Lair:6)
  A manticore (D:11)
  2 cyclopes
  An ugly thing (D:11)
  A guardian serpent (D:10)
  12 elephants (Lair:5)
  7 black mambas
  Maggie (Lair:1)
  4 spiny frogs
  A rime drake (Lair:6)
  10 komodo dragons
  A queen bee (D:10)
  A polar bear (Lair:2)
  A hornet (D:10)
  Prince Ribbit (D:6)
  7 blink frogs (Lair:4)
  A snapping turtle (Lair:3)
  5 dream sheep (Lair:5)
  6 hippogriffs
  A water elemental (D:11)
  2 wyverns
  11 yaks
  2 steam dragons (Lair:6)
  A basilisk (Lair:6)
  Grum (Lair:1)
  A hungry ghost (D:10)
  A naga (Lair:3)
  A soldier ant (D:11)
  An acid dragon (Lair:6)
  A porcupine (Lair:3)
  7 water moccasins
  6 orc warriors
  Purgy (D:4)
  3 phantoms
  2 swamp drakes (Lair:6)
  A sky beast (D:7)
  A hornet zombie (D:10)
  2 ice beasts
  An eye of draining (D:8)
  A necrophage (D:11)
  2 black bears
  7 ogres
  9 wolves
  2 centaurs (D:5)
  2 big kobolds
  9 crocodiles
  Blork the orc (D:4)
  16 bullfrogs
  A wyvern zombie (D:11)
  4 scorpions
  8 wights
  16 killer bees
  5 howler monkeys
  6 electric eels
  7 crimson imps
  A bullfrog zombie (D:11)
  A centaur zombie (D:7)
  A jelly (D:9)
  4 hounds
  8 orc wizards
  7 orc priests
  2 centaur skeletons
  3 bullfrog skeletons
  5 hell rats (Lair:4)
  8 iguanas
  8 worker ants
  A killer bee zombie (D:8)
  A hound skeleton (D:11)
  19 gnolls
  17 adders
  2 shadow imps
  An adder zombie (D:5)
  2 adder skeletons
  3 worms (D:3)
  A dart slug (D:2)
  5 leopard geckos
  13 orcs
  4 ball pythons
  5 bats
  4 giant cockroaches
  6 hobgoblins
  20 jackals
  17 kobolds
  4 quokkas
  5 frilled lizards
  5 goblins
  2 leopard gecko skeletons
  4 quokka skeletons
  11 rats
426 creatures vanquished.

Vanquished Creatures (collateral kills)
  A hornet (D:8)
  A yak (D:9)
  An ogre (D:8)
  A killer bee (D:7)
  A howler monkey (D:8)
  2 jellies (D:9)
  2 orc wizards (D:9)
  A worker ant (D:9)
  An adder (D:9)
  An adder skeleton (D:8)
  4 orcs
  A jackal (D:9)
17 creatures vanquished.

Vanquished Creatures (others)
  A black mamba (Lair:3)
  A troll (D:10)
  A blink frog (Lair:4)
  An eye of draining (D:11)
  A hippogriff (Lair:2)
  A wyvern (Lair:2)
  2 porcupines (Lair:3)
  A swamp drake (Lair:2)
  A centaur (D:10)
  2 crocodiles
  A water moccasin skeleton (D:10)
  An electric eel (Lair:2)
  3 howler monkeys (D:10)
  49 jellies
  A crimson imp (D:7)
  An orc priest (D:10)
  A bullfrog skeleton (D:10)
  An iguana (Lair:6)
  4 hexers
  A hound zombie (D:10)
  An adder (D:10)
  A leopard gecko (D:9)
  3 orcs
  4 kobolds (D:9)
  A butterfly (Lair:2)
  A fire vortex (Lair:3)
  24 fungi
  11 plants
121 creatures vanquished.

Grand Total: 564 creatures vanquished

Notes
Turn   | Place    | Note
-------+----------+-------------------------------------------
     0 | D:1      | Allula97 the Demonspawn Monk began the quest for the Orb.
     0 | D:1      | Reached XP level 1. HP: 18/18 MP: 1/1
   304 | D:1      | Gained mutation: You have sharp toenails. [demonic
                  | ancestry]
   304 | D:1      | Reached XP level 2. HP: 24/24 MP: 2/2
   393 | D:1      | Reached skill level 3 in Long Blades
   969 | D:2      | Gained mutation: You have razor-sharp toenails. [demonic
                  | ancestry]
   969 | D:2      | Reached XP level 3. HP: 25/29 MP: 3/3
  1071 | D:2      | Found a white marble altar of Elyvilon.
  1931 | D:3      | Noticed a bullfrog
  1943 | D:3      | Killed a bullfrog
  1943 | D:3      | Gained mutation: Your flesh is heat resistant. (rF+)
                  | [demonic ancestry]
  1943 | D:3      | Reached XP level 4. HP: 32/36 MP: 4/4
  1951 | D:3      | Reached skill level 4 in Long Blades
  1961 | D:3      | Gained mutation: You are partially covered in iridescent
                  | scales. (AC +2) [demonic ancestry]
  1961 | D:3      | Reached XP level 5. HP: 18/41 MP: 5/5
  2344 | D:3      | Reached skill level 1 in Armour
  3033 | D:3      | Found a snail-covered altar of Cheibriados.
  3420 | D:4      | Noticed Purgy
  3441 | D:4      | Killed Purgy
  3441 | D:4      | Reached skill level 1 in Evocations
  3441 | D:4      | Reached XP level 6. HP: 17/48 MP: 6/6
  3680 | D:4      | Reached skill level 5 in Long Blades
  3897 | D:4      | Noticed Blork the orc
  3922 | D:4      | Killed Blork the orc
  3922 | D:4      | Gained mutation: You are mostly covered in iridescent
                  | scales. (AC +4) [demonic ancestry]
  3922 | D:4      | Reached XP level 7. HP: 42/54 MP: 8/8
  4391 | D:4      | Gained mutation: You are somewhat resistant to further
                  | mutation. [potion of mutation]
  4391 | D:4      | Gained mutation: Your system is resistant to poisons.
                  | (rPois) [potion of mutation]
  4674 | D:5      | Entered Level 5 of the Dungeon
  5032 | D:5      | HP: 2/55 [centaur (3)]
  5070 | D:5      | Reached skill level 6 in Long Blades
  5254 | D:5      | Reached XP level 8. HP: 41/61 MP: 9/9
  5458 | D:5      | Reached skill level 5 in Fighting
  5718 | D:5      | Found an ancient bone altar of Kikubaaqudgha.
  5735 | D:5      | Found a sparkling altar of Nemelex Xobeh.
  5735 | D:5      | Found a hide-covered altar of Uskayaw.
  6328 | D:6      | Reached skill level 7 in Long Blades
  6994 | D:6      | Noticed Prince Ribbit
  7010 | D:6      | Reached skill level 1 in Shields
  7553 | D:6      | Killed Prince Ribbit
  7742 | D:7      | Reached XP level 9. HP: 28/68 MP: 11/11
  7765 | D:7      | Found Kin Bacsukua's Assorted Antiques.
  7771 | D:7      | Found Wayg's General Store.
  8083 | D:7      | Found Xittiev's Gadget Shoppe.
  8091 | D:7      | Bought a wand of paralysis (6) for 88 gold pieces
  8121 | D:7      | Found a staircase to the Ecumenical Temple.
  8133 | Temple   | Entered the Ecumenical Temple
  8279 | Temple   | Became a worshipper of Hepliaklqana the Forgotten
  8279 | Temple   | Reached * piety under Hepliaklqana
  8279 | Temple   | Reached ** piety under Hepliaklqana
  8281 | Temple   | Remembered your ancestor Keminub as a hexer
  8340 | D:7      | Noticed lllmatko's ghost (novice MiBe)
  8525 | D:7      | Reached skill level 5 in Dodging
  8713 | D:7      | Reached skill level 8 in Long Blades
  8820 | D:7      | Lost mutation: Your system is resistant to poisons. (rPois)
                  | [potion of mutation]
  8820 | D:7      | Lost mutation: You are somewhat resistant to further
                  | mutation. [potion of mutation]
  8820 | D:7      | Gained mutation: You tend to lose your temper in combat.
                  | [potion of mutation]
  8820 | D:7      | Gained mutation: You are somewhat resistant to further
                  | mutation. [potion of mutation]
  8820 | D:7      | Lost mutation: You tend to lose your temper in combat.
                  | [potion of mutation]
  8821 | D:7      | Lost mutation: You are somewhat resistant to further
                  | mutation. [potion of mutation]
  8821 | D:7      | Gained mutation: You are somewhat resistant to further
                  | mutation. [potion of mutation]
  8822 | D:7      | Lost mutation: You are somewhat resistant to further
                  | mutation. [potion of mutation]
  8822 | D:7      | Gained mutation: Your spells are a little easier to cast,
                  | but a little less powerful. [potion of mutation]
  8822 | D:7      | Gained mutation: Your body sometimes deteriorates upon
                  | taking damage. [potion of mutation]
  8822 | D:7      | Gained mutation: You can translocate small distances at
                  | will. [potion of mutation]
  8822 | D:7      | Gained mutation: Your system is resistant to poisons.
                  | (rPois) [potion of mutation]
  8823 | D:7      | Bought a potion of mutation for 112 gold pieces
  8823 | D:7      | Lost mutation: Your body sometimes deteriorates upon taking
                  | damage. [potion of mutation]
  8823 | D:7      | Lost mutation: Your system is resistant to poisons. (rPois)
                  | [potion of mutation]
  8823 | D:7      | Lost mutation: You can translocate small distances at will.
                  | [potion of mutation]
  8823 | D:7      | Gained mutation: Your system is resistant to poisons.
                  | (rPois) [potion of mutation]
  8823 | D:7      | Gained mutation: You have an increased reservoir of magic.
                  | (+10% MP) [potion of mutation]
  8823 | D:7      | Gained mutation: Your flesh is very heat resistant. (rF++)
                  | [potion of mutation]
  8839 | D:7      | Bought a scroll of enchant weapon for 202 gold pieces
  8844 | D:7      | Found Irotes's Weapon Emporium.
  8884 | D:7      | Found Eczeaj's Magic Scroll Boutique.
  8985 | D:7      | Found a transporter.
  8987 | D:7      | Found a transporter.
  9497 | D:7      | Killed lllmatko's ghost
  9497 | D:7      | Reached skill level 5 in Armour
  9640 | D:8      | Gained mutation: You are immune to clouds of flame.
                  | [demonic ancestry]
  9640 | D:8      | Reached XP level 10. HP: 67/68 MP: 14/14
  9658 | D:8      | Found a basalt altar of Yredelemnul.
 10188 | D:8      | Reached skill level 9 in Long Blades
 10243 | D:8      | You fall into a shaft and drop 2 floors!
 10243 | D:10     | Entered Level 10 of the Dungeon
 10346 | D:9      | Noticed a cyclops
 10627 | D:9      | Killed a cyclops
 11093 | D:9      | Found a stormy altar of Qazlal.
 11160 | D:9      | Reached skill level 5 in Evocations
 11349 | D:9      | Found a viscous altar of Jiyva.
 11375 | D:9      | Fell from the grace of Hepliaklqana
 11375 | D:9      | Became a worshipper of Jiyva Juqijiat the Shapeless
 11414 | D:9      | Reached * piety under Jiyva
 11487 | D:9      | Found Faitomoq's General Store.
 11555 | D:9      | Bought a scroll of enchant armour for 105 gold pieces
 11576 | D:9      | Found a white marble altar of Elyvilon.
 11578 | D:9      | Found a glowing silver altar of Zin.
 11579 | D:9      | Found a glowing golden altar of the Shining One.
 11680 | D:9      | Reached ** piety under Jiyva
 11851 | D:10     | Found a hide-covered altar of Uskayaw.
 11876 | D:10     | Noticed a guardian serpent
 11908 | D:10     | Killed a guardian serpent
 12245 | D:10     | Noticed Urug
 12286 | D:10     | Killed Urug
 12572 | D:10     | Found a transporter.
 12573 | D:10     | Found a transporter.
 12595 | D:10     | Noticed ghwc's ghost (novice DsWz)
 12669 | D:10     | Reached *** piety under Jiyva
 12831 | D:10     | Gained mutation: Your muscles are strong. (Str +2) [Jiyva's
                  | grace]
 13098 | D:10     | Killed ghwc's ghost
 13128 | D:10     | Identified a scroll of acquirement
 13130 | D:10     | Acquired a +1 buckler of positive energy
 13705 | D:11     | Found a staircase to the Lair.
 13705 | D:11     | Noticed a fire dragon
 13710 | D:11     | Noticed a manticore
 14063 | D:11     | Killed a manticore
 14090 | D:11     | Killed a fire dragon
 14531 | D:11     | Noticed a green ugly thing
 14548 | D:11     | Killed a green ugly thing
 15038 | Lair:1   | Entered Level 1 of the Lair of Beasts
 15038 | Lair:1   | Noticed Sonja
 15046 | Lair:1   | Killed Sonja
 15048 | Lair:1   | Noticed a seven-headed hydra
 15357 | D:10     | Noticed a cyclops
 15367 | D:10     | Killed a cyclops
 15457 | D:7      | Bought a scroll of enchant weapon for 105 gold pieces
 15468 | D:7      | Reached **** piety under Jiyva
 15471 | D:7      | Gained mutation: You are covered in slimy tendrils that may
                  | disarm your opponents. [Jiyva's grace]
 15704 | Lair:1   | Killed a 19-headed hydra
 15704 | Lair:1   | Was forgiven by Hepliaklqana
 15704 | Lair:1   | Reached skill level 10 in Long Blades
 15786 | Lair:1   | Noticed Grum
 15800 | Lair:1   | Gained mutation: You are completely covered in iridescent
                  | scales. (AC +6) [demonic ancestry]
 15800 | Lair:1   | Reached XP level 11. HP: 80/84 MP: 14/16
 15813 | Lair:1   | Killed Grum
 15920 | Lair:1   | Noticed Fannar
 16277 | D:11     | HP: 3/84 [something (12)]
 16682 | D:11     | Killed Fannar
 16698 | D:11     | Gained mutation: Your rubbery body absorbs attacks. (AC +1,
                  | EV +1) [Jiyva's grace]
 17022 | Lair:1   | Noticed Maggie
 17056 | Lair:1   | Killed Maggie
 17160 | Lair:2   | Reached ***** piety under Jiyva
 17164 | Lair:2   | Lost mutation: Your spells are a little easier to cast, but
                  | a little less powerful. [Jiyva's grace]
 17189 | Lair:2   | Found a runed translucent door.
 17190 | Lair:2   | Noticed Alannah's ghost (journeyman DrSk)
 17296 | Lair:2   | Lost mutation: Your rubbery body absorbs attacks. (AC +1,
                  | EV +1) [Jiyva's grace]
 17457 | Lair:2   | Killed Alannah's ghost
 17750 | Lair:2   | Reached skill level 11 in Long Blades
 18648 | Lair:3   | Lost mutation: Your flesh is very heat resistant. (rF++)
                  | [Jiyva's grace]
 18692 | Lair:3   | Reached ****** piety under Jiyva
 18744 | Lair:3   | Gained mutation: Your rubbery body absorbs attacks. (AC +1,
                  | EV +1) [Jiyva's grace]
 18955 | Lair:3   | Found a staircase to the Snake Pit.
 19233 | Lair:3   | Found a staircase to the Shoals.
 19418 | Lair:4   | Gained mutation: You have claws for feet. [demonic
                  | ancestry]
 19418 | Lair:4   | Reached XP level 12. HP: 94/94 MP: 18/18
 19447 | Lair:4   | Lost mutation: Your muscles are strong. (Str +2) [Jiyva's
                  | grace]
 19470 | Lair:4   | Got a spiked scale mail
 19593 | Lair:4   | Noticed Rupert
 19630 | Lair:4   | Slimified Rupert
 19630 | Lair:4   | Noticed Rupert
 19630 | Lair:4   | Rupert changed into Rupert the acid blob
 19630 | Lair:4   | Gained mutation: Your translucent skin slightly reduces
                  | your foes' accuracy. (Stealth) [Jiyva's grace]
 20221 | Lair:4   | Noticed a death yak
 20221 | Lair:4   | Noticed a death yak
 20221 | Lair:4   | Noticed a death yak
 20221 | Lair:4   | Noticed a death yak
 20222 | Lair:4   | Noticed a death yak
 20235 | Lair:4   | Killed a death yak
 20249 | Lair:4   | Killed a death yak
 20249 | Lair:4   | Reached skill level 12 in Long Blades
 20259 | Lair:4   | Killed a death yak
 20272 | Lair:4   | Killed a death yak
 20281 | Lair:4   | Killed a death yak
 20978 | Lair:5   | Identified the +1 scale mail of Vehumet {+Fly rPois MR+
                  | Dex-5} (You found it on level 4 of the Lair of Beasts)
 20984 | Lair:5   | Noticed a four-headed hydra
 20995 | Lair:5   | Killed a seven-headed hydra
 21257 | Lair:5   | Reached XP level 13. HP: 59/102 MP: 14/20
 21492 | Lair:5   | Lost mutation: Your system is resistant to poisons. (rPois)
                  | [Jiyva's grace]
 22030 | Lair:6   | Entered Level 6 of the Lair of Beasts
 22351 | Lair:6   | Reached skill level 13 in Long Blades
 22368 | Lair:6   | Reached skill level 10 in Fighting
 22739 | Lair:6   | Reached skill level 5 in Shields
 23032 | Lair:6   | Found a staircase to the Slime Pits.
 23241 | Lair:6   | Gained mutation: You are agile. (Dex +2) [Jiyva's grace]
 23404 | Lair:6   | Noticed a fire dragon
 23602 | Lair:6   | Gained mutation: Your mind is acute. (Int +2) [Jiyva's
                  | grace]
 23763 | Lair:6   | HP: 5/103 [swamp dragon] (2)]
 23763 | Lair:6   | Succumbed to a swamp dragon's poison gas

Illustrated notes

Levels and vault maps discovered:
D:1:      dpeg_arrival_chambers_temple_mockup, layout_rooms
D:2:      layout_basic, hangedman_decor_push, elyvilon_altar_3
D:3:      layout_basic, nicolae_overflow_crystal_walls, first_ration
D:4:      layout_basic, grunt_decor_fettered, minmay_increasing_density,
          uniq_blork_the_orc, uniq_purgy
D:5:      wander_river, layout_rooms, minitemple
D:6:      layout_layer_cave, uniq_prince_ribbit1
D:7:      layout_loops_ring, minmay_temple_entry_glass, gammafunk_ghost_arena,
          serial_shops, shop, shop, nicolae_shop_stone, kennysheep_little_box,
          nicolae_shop_competitors_out_of_business
D:8:      layout_gridville, old_standard_altar, grunt_ogre_cave
D:9:      layout_cave_pools, good_gods_temple_1, lemuel_round_altar,
          serial_shops, shop, jiyva_altar_1
D:10:     layout_roguey, gammafunk_ghost_hive, basic_altar,
          nrook_guardian_serpent_double, uniq_urug
D:11:     layout_basic, minmay_lair_entry_lava, kennysheep_flooded_box
Temple:   nicolae_temple_figure_eight
Lair:1:   layout_regular_city, chequers_serial_rivers_micro_b,
          infiniplex_staircase_pool_2, lemuel_fruit_tree, serial_bayou_shore_b,
          uniq_fannar, uniq_maggie, uniq_sonja, uniq_grum
Lair:2:   layout_gridlike, ebering_ghost_inner_flame, fungi_pond_lemuel,
          minivault_25, hibernation_bobbens, lemuel_fruit_fields
Lair:3:   layout_gridlike, minmay_shoals_entry_hut, guppyfry_snake_entry_garden,
          minmay_holes
Lair:4:   layout_loops_ring, uniq_rupert
Lair:5:   layout_small_grid
Lair:6:   guppyfry_lair_end_dragon, layout_gridlike,
          minmay_slime_entry_oklob_open, minmay_lair_oklob_items

Skill      XL: |  1  2  3  4  5  6  7  8  9 10 11 12 13 |
---------------+----------------------------------------+-----
Long Blades    | 3 4 5 6 7 8 10 11 12 13 | 13.2
Stealth        | 2 |  2.3
Dodging        | 3 4 5 6 7 |  7.8
Armour         | 1 2 3 4 5 6 7 8 9 |  9.0
Fighting       | 4 5 6 7 8 9 10 | 10.1
Evocations     | 1 2 3 4 5 6 7 |  7.3
Shields        | 1 2 3 4 5 |  5.1

Action                   |  1- 3 |  4- 6 |  7- 9 | 10-12 | 13-15 || total
-------------------------+-------+-------+-------+-------+-------++-------
Melee: Falchion          |    79 |   244 |   608 |       |       ||   931
       Kick              |    19 |    22 |       |   137 |    91 ||   269
       Scimitar          |       |       |    71 |  1547 |   203 ||  1821
Throw: Dart              |       |    10 |    29 |    14 |       ||    53
       Throwing net      |       |     4 |       |     1 |       ||     5
Invok: Ancestor Life: He |       |       |     1 |       |       ||     1
       Ancestor Identity |       |       |     1 |       |       ||     1
       Request Jelly     |       |       |       |     1 |     1 ||     2
       Slimify           |       |       |       |     1 |       ||     1
 Abil: Evoke Flight      |       |       |       |     1 |       ||     1
Evoke: Wand              |       |       |    19 |    28 |     3 ||    50
  Use: Scroll            |     6 |     2 |     9 |    10 |     6 ||    33
       Potion            |     1 |     1 |    18 |     6 |     2 ||    28
 Stab: Sleeping          |     6 |       |       |       |       ||     6
       Held in net/web   |       |     6 |       |       |       ||     6
       Confused          |       |       |     3 |     4 |       ||     7
       Distracted        |       |       |     1 |     1 |       ||     2
       Paralysed         |       |       |       |    20 |       ||    20
  Eat: Chunk             |     3 |     7 |    17 |     9 |       ||    36
       Ration            |       |       |     1 |     2 |       ||     3
Armor: Robe              |    10 |       |       |       |       ||    10
       Ring mail         |     5 |       |       |       |       ||     5
       Scale mail        |     3 |   135 |   399 |    53 |       ||   590
       Skin              |       |       |    10 |       |       ||    10
       Plate armour      |       |       |       |  1155 |   142 ||  1297
Dodge: Dodged            |    64 |   143 |   444 |   616 |   120 ||  1387
Block: Buckler           |       |       |   106 |   423 |    56 ||   585
       Rpst.: Falchion   |    20 |    40 |   139 |       |       ||   199
       Scimitar          |       |       |     5 |   174 |    26 ||   205
